 Dungeon Crawl Stone Soup version 0.29.1 (webtiles) character file.

Game seed: 10062579161538372067

109 raistware the Conjurer (level 4, -2/27 HPs)
             Began as an Octopode Conjurer on Sept 12, 2022.
             Constricted to death by Robin (4 damage)
             ... on level 3 of the Dungeon.
             The game lasted 00:04:25 (3507 turns).

raistware the Conjurer (Octopode Conjurer)          Turns: 3507, Time: 00:04:25

Health: -2/27      AC:  1    Str: 12    XL:     4   Next: 89%
Magic:  4/10       EV: 10    Int: 22    God:
Gold:   78         SH:  0    Dex: 10    Spells: 10/11 levels left

rFire   . . .      SeeInvis +   (no weapon)
rCold   . . .      Faith    .   (no shield)
rNeg    . . .      Spirit   .   (helmet restricted)
rPois   .          Reflect  .   (no amulet)
rElec   .          Harm     .   n - +6 ring of strength
rCorr   .          Rampage  .   r - ring of see invisible
Will    .....                   (no ring)
Stlth   +++.......              (no ring)
HPRegen 0.09/turn               (no ring)
MPRegen 0.12/turn               (no ring)
                                (no ring)
                                (no ring)

@: grasped by roots, flying, constricted
A: almost no armour, amphibious, 8 rings, camouflage 1, gelatinous body 1,
(nimble swimmer 1), tentacles
a: no special abilities


You were on level 3 of the Dungeon.
You visited 1 branch of the dungeon, and saw 3 of its levels.

You collected 78 gold pieces.

Inventory:

Missiles
 e - 4 poisoned darts
Jewellery
 n - a +6 ring of strength (left tentacle)
 o - a ring of fire
 r - a ring of see invisible (right tentacle)
Scrolls
 b - a scroll of poison {unknown}
 h - 3 scrolls of vulnerability {unknown}
 k - 2 scrolls of enchant weapon {unknown}
 l - a scroll of silence {unknown}
 m - a scroll of magic mapping {unknown}
 p - a scroll of blinking {unknown}
 q - a scroll of identify {unknown}
Potions
 a - a potion of magic
 c - a potion of flight
 d - a potion of curing {unknown}
 f - a potion of might {unknown}
 g - 2 potions of degeneration {unknown}
 i - a potion of brilliance {unknown}
 j - a potion of heal wounds {unknown}


   Skills:
 - Level 2.0 Dodging
 + Level 2.7 Stealth
 + Level 4.0 Spellcasting
 + Level 4.0 Conjurations
 - Level 2.0 Translocations


You had 10 spell levels left.
You knew the following spells:

 Your Spells              Type           Power      Damage    Failure   Level
a - Magic Dart            Conj           88%        1d7       2%          1

Your spell library contained the following spells:

 Spells                   Type           Power      Damage    Failure   Level
 Searing Ray              Conj           44%        2d6       3%          2
 Dazzling Flash           Conj/Hex       26%        N/A       14%         3
 Sublimation of Blood     Necr           4%         N/A       17%         2
 Wereblood                Tmut           4%         N/A       17%         2
 Iskenderun's Mystic Bla  Conj/Tloc      17%        2d5       32%         4
 Fulminant Prism          Conj/Hex       6%         3d7       43%         4
 Summon Hydra             Summ           2%         N/A       100%        7


Dungeon Overview and Level Annotations

Branches:
Dungeon (3/15)

Altars:

Shops:
D:1 *

Annotations:
D:3 Robin


Innate Abilities, Weirdness & Mutations

You cannot wear most types of armour.
You are amphibious.
You can wear up to eight rings at the same time.
Your skin changes colour to match your surroundings (Stealth+).
Your rubbery body absorbs attacks. (AC +1, EV +1)
((You are camouflaged when in or above water. (Stealth+)))
You have tentacles for arms and can constrict up to eight enemies at once.


Message History

The goblin barely misses you.
You tentacle-slap the goblin. You grab the goblin.
The goblin is severely wounded.
You constrict the goblin.
You kill the goblin!
Items here: ))) ††.
You start resting.
Robin of the Strong Arm comes into view.
They are wielding a +0 short sword and carrying a wand of roots (8).
You catch the helpless Robin completely off-guard!
You tentacle-slap Robin but do no damage.
You grab Robin. You constrict Robin. Robin hits you with a +0 short sword.
You tentacle-slap Robin.
Robin is lightly wounded.
You constrict Robin. Robin hits you with a +0 short sword.
* * * LOW HITPOINT WARNING * * *
Sorry, you're not good enough to have a special ability.
Unknown command.
Casting: Magic Dart (safe; 2% risk of failure)
Confirm with . or Enter, or press ? or * to list all spells.
Aiming: Magic Dart (safe; 2% risk of failure)
Press: ? - help, Shift-Dir - straight line, f - Robin
Aim: Robin, wielding a +0 short sword, wearing a +0 animal skin, wearing a +0 helmet and carrying a wand of roots (8) (moderately wounded, constricted by you, 100% to hit)
The magic dart hits Robin.
Robin is heavily wounded.
You constrict Robin.
Robin zaps a wand.
The roots erupt in riotous growth!
The grasping roots grab you!
Robin is unaffected.
The grasping roots constrict you.
* * * LOW HITPOINT WARNING * * *
You hear a shout!
Unknown command.
Casting: Magic Dart (safe; 2% risk of failure)
Confirm with . or Enter, or press ? or * to list all spells.
You don't know that spell.
Unknown command.
It was a potion of flight.
You feel very buoyant.
You fly up into the air.
You constrict Robin.
Robin roars a battlecry!
The grasping roots constrict you.
You die...

#.# .# ## #.# .# #. #.#
#.##### #. ########.#
>...... #. .........#
......( #.
#######..########....g). #.
#...##........ggg. #.
#........g#######.. #.
#...##...)@........ #.
#...##..########### ## ####
#...####.......... ##.#
##.....#.##########
##.#####.....#.#
...............# ##
.#######.....#### #.
.########.......###### ##
.#...................#######


You could see Robin.

Vanquished Creatures
  An orc wizard (D:3)
  An adder (D:2)
  A dart slug (D:1)
  4 orcs (D:3)
  3 endoplasms
  7 giant cockroaches
  11 goblins
  6 hobgoblins
  3 kobolds
  2 quokkas
  3 ball pythons
  10 bats
  3 frilled lizards (D:1)
  7 rats
62 creatures vanquished.

Notes
Turn   | Place    | Note
-------+----------+-------------------------------------------
     0 | D:1      | raistware the Octopode Conjurer began the quest for the
                  | Orb.
     0 | D:1      | Reached XP level 1. HP: 11/11 MP: 3/3
     0 | D:1      | Found Eshem's General Store.
    81 | D:1      | Reached XP level 2. HP: 2/17 MP: 0/5
  1544 | D:2      | Reached XP level 3. HP: 21/21 MP: 4/7
  2687 | D:3      | Reached XP level 4. HP: 15/27 MP: 3/10
  2691 | D:3      | Reached skill level 1 in Translocations
  3503 | D:3      | Noticed Robin
  3507 | D:3      | Constricted to death by Robin

Illustrated notes

Levels and vault maps discovered:
D:1:      dpeg_arrival_connections, layout_basic, serial_shops, shop,
          minivault_23, minmay_bisected
D:2:      layout_basic
D:3:      layout_basic, serial_co_window_serial, co_window_corner_a,
          co_window_corner_a, co_window_paths_b, co_window_paths_b,
          co_window_corner_a, co_window_paths_b, co_window_paths_a,
          co_window_broadway_b, co_window_2corner, co_window_cross_3,
          co_window_corner_b, glass_columns_c, glass_columns_b, uniq_robin

Skill      XL: |  1  2  3  4 |
---------------+-------------+-----
Spellcasting   | 3 4 |  4.0
Translocations | 2 |  2.0
Dodging        | |  2.0
Stealth        | |  2.7
Conjurations   | |  4.0

Action                   |  1- 3 |  4- 6 || total
-------------------------+-------+-------++-------
Melee: Unarmed           |    17 |    18 ||    35
       Constrict         |     5 |     7 ||    12
       Tentacles         |     4 |     6 ||    10
       Punch             |     1 |       ||     1
 Cast: Magic Dart        |    57 |    33 ||    90
  Use: Potion            |       |     1 ||     1
 Stab: Distracted        |       |     1 ||     1
       Sleeping          |       |     1 ||     1
Armor: Skin              |     7 |       ||     7
Dodge: Dodged            |    20 |    17 ||    37
